AoeStats
← anan_92

Arabia

509452473Analyzed
2v2 RM · 7d ago on Sep 26, 2026· 34m 13s· 4 players
Game mode
Random Map
Map size
Medium (4 player)
Population
200
Speed
Normal
Resources
Standard
Victory
Conquest
Starting age
Dark Age
Ending age
Imperial Age
RankedLock teamsTeams togetherTeam positionsShared explorationLock speedFull tech treeHidden civsTurbo modeCheats
Victory
Defeat
🇳🇱 Malians · Netherlands
830
+17
🇳🇱 Lithuanians · Netherlands
827
+17
🇨🇱 Romans · Chile
846
-17
🇦🇷 Sicilians · Argentina
843
-17
Kataphraktos
7:47 Loom
10:15 Feudal Age
10:43 Double-Bit Axe
10:40 Horse Collar
11:56 Man-at-Arms
18:45 Town Watch
23:10 Castle Age
22:05 Wheelbarrow
21:35 Scale Mail Armor
21:49 Arson
24:16 Chain Mail Armor
24:12 Forging
24:15 Heavy Plow
24:31 Squires
24:13 Long Swordsman
28:46 Bow Saw
28:53 Hand Cart
29:45 Iron Casting
32:25 Town Patrol
anan_92
10:46 Feudal Age
21:51 Loom
28:19 Castle Age
28:51 Scale Barding Armor
29:38 Wheelbarrow
28:45 Horse Collar
31:17 Husbandry
✟ L¥N V ✟
7:24 Loom
22:14 Feudal Age
26:17 Castle Age
24:46 Gold Mining
24:43 Double-Bit Axe
28:39 Fletching
Piiro
3:38 Loom
11:05 Feudal Age
22:59 Castle Age
24:08 Wheelbarrow
23:19 Town Watch
24:41 Gold Mining
24:42 Double-Bit Axe
26:50 Hand Cart
28:18 Bloodlines
28:10 Husbandry
28:24 Forging
28:20 Scale Barding Armor
28:37 Bow Saw
28:10 Horse Collar
29:23 Gold Shaft Mining
30:38 Heavy Plow
30:31 Stone Mining
31:48 Fletching
32:33 Iron Casting
35:45 Imperial Age
Connection lost

Rejoining the realm…

Still unreachable

The connection could not be restored.

Session expired

The server has moved on; the page needs a fresh start.